 Dungeon Crawl Stone Soup version 0.22.1-2-g9c5b331383 (webtiles) character file.

15 Descartes the Sneak (level 2, -3/13 HPs)
             Began as a Vine Stalker Enchanter on Nov 30, 2018.
             Slain by a kobold
             ... wielding a +0 short sword
              (5 damage)
             ... on level 1 of the Dungeon.
             The game lasted 00:01:02 (509 turns).

Descartes the Sneak (Vine Stalker Enchanter)         Turns: 509, Time: 00:01:02

Health: -3/13      AC:  2    Str: 10    XL:     2   Next: 50%
Magic:  0/6        EV: 12    Int: 15    God:
Gold:   14         SH:  0    Dex: 14    Spells: 2/5 levels left

rFire    . . .     SeeInvis .   a - +1 dagger
rCold    . . .     Gourm    .   (no shield)
rNeg     . . .     Faith    .   b - +0 robe
rPois    .         Spirit   +   (no helmet)
rElec    .         Reflect  .   (no cloak)
rCorr    .         Harm     .   (no gloves)
MR       .....                  (no boots)
Stlth    ++........             (no amulet)
HPRegen  0.04/turn              (no ring)
MPRegen  0.10/turn              (no ring)

@: no status effects
A: fangs 2, magic shield, antimagic bite, no potion heal 3, rot immunity
a: no special abilities


You were on level 1 of the Dungeon.
You were not hungry.

You visited 1 branch of the dungeon, and saw 1 of its levels.

You collected 14 gold pieces.

Inventory:

Hand Weapons
 a - a +1 dagger (weapon)
Armour
 b - a +0 robe (worn)
Scrolls
 e - a scroll of remove curse {unknown}
 f - a scroll of fog {unknown}
Comestibles
 c - 4 chunks of flesh
 d - 2 rations


   Skills:
 * Level 1.3 Short Blades
 + Level 1.7 Dodging
 + Level 3.8 Stealth
 + Level 2.3 Spellcasting
 * Level 3.2 Hexes


You had 2 spell levels left.
You knew the following spells:

 Your Spells              Type           Power        Failure   Level  Hunger
a - Corona                Hex            ##.....      6%          1    #......
b - Ensorcelled Hibernat  Hex/Ice        #.....       17%         2    ###....

Your spell library contained the following spells:

 Spells                   Type           Power        Failure   Level  Hunger
 Confuse                  Hex            ##......     17%         3    ###....
 Tukima's Dance           Hex            ##......     17%         3    ###....
 Dazzling Spray           Conj/Hex       #.....       32%         3    ###....


Dungeon Overview and Level Annotations

Branches:
Dungeon (1/15)

Altars:


Innate Abilities, Weirdness & Mutations

You have extremely sharp teeth.
When hurt, damage is shared between your health and your magic reserves.
Your bite disrupts and absorbs the magic of your enemies.
Potions cannot restore your health.
You are immune to rotting.


Message History

The giant cockroach is severely wounded.
The giant cockroach bites you but does no damage.
You closely miss the giant cockroach.
The giant cockroach is heavily wounded.
The giant cockroach completely misses you.
You closely miss the giant cockroach. You bite the giant cockroach.
You drain its power.
You feel invigorated.
The giant cockroach is almost dead.
The giant cockroach barely misses you.
You hit the giant cockroach.
You kill the giant cockroach!
You hit the kobold but do no damage. The kobold hits you with a short sword.
* * * LOW HITPOINT WARNING * * *
You barely miss the kobold. The kobold hits you but does no damage.
You closely miss the kobold. The kobold hits you with a short sword.
You closely miss the kobold. You bite the kobold. You drain its power.
You feel invigorated.
The kobold is moderately wounded.
The kobold hits you with a short sword!
You die...

#.## #####.#.# ...... .# #.#
#...#.# ...... .#.#.### #.###.#
..#.. .#.#...# #.....# #.... ..
#.#.#######.###
#.#..#.###.#.....#...#
......#.#.###.###.###
#+#######.#.##.#.#.....#...#
#.#....?.....K@#.#.###.#.#.###
#.#.#####.#..#.#.#.# #...#...#
###.#.# # #..#.#.#.###.#####.#
......# ....#.#.#.....# #...#
......##########.#.###.#####.###.
......'..........#...#...#...# #.
......##############.###.#.### #.
......###### #...#.#...# #.
...........# #####.#.##### #.


You could see a kobold.

Vanquished Creatures
  A dart slug (D:1)
  2 leopard geckos (D:1)
  A bat (D:1)
  A giant cockroach (D:1)
  A goblin (D:1)
  2 hobgoblins (D:1)
  A frilled lizard (D:1)
  A rat (D:1)
10 creatures vanquished.

Notes
Turn   | Place    | Note
-------+----------+-------------------------------------------
     0 | D:1      | Descartes the Vine Stalker Enchanter began the quest for
                  | the Orb.
     0 | D:1      | Reached XP level 1. HP: 9/9 MP: 4/4
    86 | D:1      | Reached skill level 1 in Short Blades
   144 | D:1      | Reached XP level 2. HP: 13/13 MP: 6/6
   148 | D:1      | Learned a level 2 spell: Ensorcelled Hibernation
   509 | D:1      | Slain by a kobold

Skill      XL: |  1 |
---------------+----+-----
Short Blades   | 1 |  1.3
Dodging        | |  1.7
Stealth        | |  3.8
Spellcasting   | |  2.3
Hexes          | |  3.2

Action                   || total
-------------------------++-------
Melee: Dagger            ||    35
       Bite              ||     8
 Stab: Sleeping          ||     4
Armor: Robe              ||     6
Dodge: Dodged            ||    20
